AoeStats
← DonVitoCorleone

Hideout

507121406Analyzed
1v1 RM · 17d ago on Sep 16, 2026· 34m 14s· 2 players
Game mode
Random Map
Map size
Tiny (2 player)
Population
200
Speed
Normal
Resources
Standard
Victory
Conquest
Starting age
Dark Age
Ending age
Imperial Age
RankedLock teamsTeams togetherTeam positionsShared explorationLock speedFull tech treeHidden civsTurbo modeCheats
Victory
Defeat
🇦🇹 Ethiopians · Austria
957
+17
🇳🇱 Mongols · Netherlands
986
-17
DonVitoCorleone
8:01 Loom
10:59 Feudal Age
15:43 Castle Age
14:01 Double-Bit Axe
14:15 Horse Collar
16:41 Scale Barding Armor
16:46 Forging
17:57 Husbandry
21:02 Iron Casting
23:20 Wheelbarrow
24:16 Heavy Plow
26:27 Scale Mail Armor
26:18 Fletching
26:41 Squires
26:56 Stone Mining
28:01 Bow Saw
29:02 Chain Mail Armor
30:16 Bodkin Arrow
36:49 Imperial Age
klinkhamer
7:16 Loom
9:23 Feudal Age
15:00 Castle Age
13:00 Double-Bit Axe
13:07 Horse Collar
15:54 Wheelbarrow
16:29 Bow Saw
18:07 Gold Mining
21:25 Pikeman
23:28 Heavy Plow
24:49 Stone Mining
25:02 Town Watch
27:09 Fletching
28:42 Thumb Ring
29:25 Bodkin Arrow
33:02 Imperial Age
31:11 Hand Cart
31:43 Murder Holes
32:09 Ballistics
31:50 Padded Archer Armor
34:07 Conscription
Connection lost

Rejoining the realm…

Still unreachable

The connection could not be restored.

Session expired

The server has moved on; the page needs a fresh start.